 Dungeon Crawl Stone Soup version 0.24.0-2-g5b39cebb1c (webtiles) character file.

Game seed: 51558387994809136, levelgen mode: deterministic

656 Froggeryz the Slicer (level 7, 0/38 HPs)
             Began as a Deep Elf Assassin on Oct 30, 2019.
             Was an Initiate of Sif Muna.
             Slain by an ice beast (5 damage)
             ... on level 5 of the Dungeon.
             The game lasted 00:10:37 (5416 turns).

Froggeryz the Slicer (Deep Elf Assassin)            Turns: 5416, Time: 00:10:38

Health: 0/38       AC:  6    Str:  8    XL:     7   Next: 29%
Magic:  9/9        EV: 12    Int: 21    God:    Sif Muna [......]
Gold:   229        SH:  0    Dex: 16    Spells: 6/6 levels left

rFire    + . .     SeeInvis .   a - +2 dagger
rCold    . . .     Gourm    .   (no shield)
rNeg     . . .     Faith    .   w - +0 robe of Dice, Bag, and Bottle {MR+ Int+3} (curse)
rPois    .         Spirit   .   g - +1 helmet
rElec    .         Reflect  .   i - +0 cloak
rCorr    .         Harm     .   q - +0 pair of gloves
MR       +....                  (no boots)
Stlth    +++.......             r - amulet of regeneration
HPRegen  0.52/turn              u - ring of protection from fire
MPRegen  0.11/turn              (no ring)

@: no status effects
A: no striking features
a: Renounce Religion


You were on level 5 of the Dungeon.
You worshipped Sif Muna.
Sif Muna was noncommittal.
You were not hungry.

You visited 2 branches of the dungeon, and saw 7 of its levels.

You collected 229 gold pieces.

Inventory:

Hand Weapons
 a - a +2 dagger (weapon)
Missiles
 b - 4 boomerangs (quivered)
 d - 13 poisoned darts
Armour
 g - a +1 helmet (worn)
 i - a +0 cloak (worn)
 q - a +0 pair of gloves (worn)
 w - the cursed +0 robe of Dice, Bag, and Bottle (worn) {MR+ Int+3}
   (You found it on level 4 of the Dungeon)

   It affects your intelligence (+3).
   It affects your resistance to hostile enchantments.
   It has a curse placed upon it.
Jewellery
 r - an amulet of regeneration (around neck)
 u - a ring of protection from fire (left hand)
Scrolls
 c - a scroll of magic mapping {unknown}
 h - 5 scrolls of teleportation
 l - a scroll of immolation {unknown}
 m - 2 scrolls of random uselessness {unknown}
 n - a scroll of fog {unknown}
 o - 2 scrolls of blinking {unknown}
 p - 2 scrolls of fear {unknown}
 s - a scroll of identify
 t - a scroll of remove curse {unknown}
Potions
 j - 4 potions of curing
 k - 2 potions of might {unknown}
 v - a potion of resistance {unknown}
 x - 2 potions of flight {unknown}
Comestibles
 f - 9 rations


   Skills:
 - Level 1.5 Fighting
 * Level 8.2 Short Blades
 - Level 2.0 Throwing
 - Level 1.2 Dodging
 - Level 4.8 Stealth


You had 6 spell levels left.
You didn't know any spells.
Your spell library was empty.

Dungeon Overview and Level Annotations

Branches:
Dungeon (6/15)             Temple (1/1) D:4

Altars:
Ashenzari
Dithmenos
Elyvilon
Fedhas
Kikubaaqudgha
Nemelex Xobeh
Okawaru
Qazlal
Sif Muna
Trog
Uskayaw
Wu Jian
Xom
Yredelemnul
Zin
The Shining One


Message History

The ice beast is almost dead.
You hit the ice beast.
The ice beast is almost dead.
The ice beast closely misses you.
You hit the ice beast but do no damage.
The ice beast is almost dead.
The ice beast hits you but does no damage.
You completely miss the ice beast.
The ice beast is almost dead.
You barely miss the ice beast.
The ice beast is almost dead.
The ice beast closely misses you.
You hit the ice beast but do no damage.
The ice beast is almost dead.
You barely miss the ice beast.
The ice beast is almost dead.
The ice beast hits you.
* * * LOW HITPOINT WARNING * * *
The ice beast freezes you.
You die...

#...(..........
#..............
#..............
#.............#
#.............#
#..?........#
#.Y.......#
#@.....# ##....###
#..#### ##..#
##..## #### #...##
#..## ##..#.##
##..## ##...#(.##
#...####...#....##


You could see an ice beast.

Vanquished Creatures
  A sky beast (D:4)
  A centaur (D:4)
  2 scorpions
  A centaur skeleton (D:4)
  An orc priest (D:3)
  2 hounds
  A bullfrog skeleton (D:5)
  Natasha (thrice) (D:3)
  8 adders
  An ooze (D:1)
  An adder skeleton (D:4)
  A worm (D:3)
  2 dart slugs
  2 leopard geckos
  8 orcs
  8 bats
  7 giant cockroaches
  6 goblins
  6 hobgoblins
  6 jackals
  3 quokkas
  2 ball pythons
  8 frilled lizards
  5 kobolds
  A quokka skeleton (D:5)
  4 rats (D:1)
91 creatures vanquished.

Notes
Turn   | Place    | Note
-------+----------+-------------------------------------------
     0 | D:1      | Froggeryz the Deep Elf Assassin began the quest for the
                  | Orb.
     0 | D:1      | Reached XP level 1. HP: 12/12 MP: 3/3
   322 | D:1      | Reached XP level 2. HP: 15/16 MP: 4/4
   480 | D:1      | Reached skill level 3 in Short Blades
  1024 | D:2      | Reached XP level 3. HP: 18/20 MP: 5/5
  1096 | D:2      | Reached skill level 4 in Short Blades
  1459 | D:2      | Reached XP level 4. HP: 10/25 MP: 6/6
  2195 | D:3      | Reached skill level 5 in Short Blades
  2457 | D:3      | Noticed Natasha
  2464 | D:3      | Killed Natasha
  2464 | D:3      | Reached XP level 5. HP: 29/29 MP: 7/7
  2677 | D:3      | Noticed Natasha
  2684 | D:3      | Killed Natasha
  2684 | D:3      | Reached skill level 6 in Short Blades
  2715 | D:3      | Noticed Natasha
  2733 | D:3      | Killed Natasha
  3069 | D:3      | Reached XP level 6. HP: 27/34 MP: 8/8
  3321 | D:4      | Found a blossoming altar of Fedhas.
  3325 | D:4      | Got an opalescent robe
  3327 | D:4      | Identified the cursed +0 robe of Dice, Bag, and Bottle {MR+
                  | Int+3} (You found it on level 4 of the Dungeon)
  3548 | D:4      | Reached skill level 7 in Short Blades
  3881 | D:4      | Found a staircase to the Ecumenical Temple.
  4099 | Temple   | Entered the Ecumenical Temple
  4348 | Temple   | Became a worshipper of Sif Muna the Loreminder
  4633 | D:5      | Entered Level 5 of the Dungeon
  4662 | D:5      | Found a shimmering altar of Xom.
  4692 | D:5      | Noticed a sky beast
  4832 | D:5      | Noticed an ice beast
  4832 | D:5      | Noticed a sky beast
  4833 | D:5      | Noticed an ice beast
  4972 | D:6      | Noticed an ice beast
  5135 | D:4      | Killed a sky beast
  5135 | D:4      | Reached XP level 7. HP: 27/38 MP: 9/9
  5162 | D:4      | Reached skill level 8 in Short Blades
  5416 | D:5      | Slain by an ice beast

Levels and vault maps discovered:
D:1:      minmay_arrival_five_plusses, layout_rooms, minmay_tetromino_t2
D:2:      layout_loops_ring
D:3:      layout_basic, first_ration, uniq_natasha
D:4:      layout_basic, fedhas_bush_and_centaur_altar,
          minmay_temple_entry_poolview, minmay_misc_feat_tiny
D:5:      layout_cave_pods, regret_index_temple_of_mockery, basic_altar,
          grunt_ministairs_7, hangedman_decor_peaks_small, lemuel_angel_altar
D:6:      layout_loops_ring, old_standard_altar, bh_walls_and_bars
Temple:   minmay_temple_curvy_branch

Skill      XL: |  1  2  3  4  5  6  7 |
---------------+----------------------+-----
Short Blades   | 3 4 5 6 7 8 |  8.2
Fighting       | |  1.5
Throwing       | |  2.0
Dodging        | |  1.2
Stealth        | |  4.8

Action                   |  1- 3 |  4- 6 |  7- 9 || total
-------------------------+-------+-------+-------++-------
Melee: Dagger            |   104 |   295 |    37 ||   436
Throw: Dart              |       |    36 |     2 ||    38
       Boomerang         |       |     1 |     3 ||     4
  Use: Potion            |     2 |     1 |       ||     3
       Scroll            |       |     2 |       ||     2
 Stab: Sleeping          |    12 |    18 |     1 ||    31
       Distracted        |       |     1 |       ||     1
  Eat: Chunk             |     1 |     8 |     2 ||    11
       Ration            |       |     1 |       ||     1
Armor: Robe              |    24 |    49 |     6 ||    79
Dodge: Dodged            |    58 |   145 |    12 ||   215
